 Dungeon Crawl Stone Soup version 0.20-a0-435-gf4ea4dd (webtiles) character file.

67 Asddderdsw the Gusty (level 4, -19/35 HPs)
             Began as a Draconian Air Elementalist on Jan 4, 2017.
             Demolished by an ogre
             ... wielding a +0 giant spiked club
              (22 damage)
             ... on level 4 of the Dungeon on Jan 5, 2017.
             The game lasted 00:33:45 (1830 turns).

Asddderdsw the Gusty (Draconian Air Elementalist)   Turns: 1830, Time: 00:33:46

Health: -19/35     AC:  5    Str:  9 (10) XL:     4   Next: 0%
Magic:  7/7        EV: 12    Int: 13 (16) God:
Gold:   98         SH:  0    Dex: 10 (12) Spells: 6/7 levels left

rFire  + . .     SeeInvis .     p - +1 dagger (protect)
rCold  x . .     Gourm    .     (armour unavailable)
rNeg   . . .     Faith    .     (no shield)
rPois  .         Spirit   .     (helmet restricted)
rElec  .         Reflect  .     (no cloak)
rCorr  .         Harm     .     (no gloves)
MR     .....                    (no boots)
Stlth  ++........               (no amulet)
                                (no ring)
                                n - ring of fire

@: no status effects
A: unfitting armour, cold-blooded, AC +5
a: no special abilities


You were on level 4 of the Dungeon.
You were hungry.

You visited 1 branch of the dungeon, and saw 4 of its levels.

You collected 98 gold pieces.

Inventory:

Hand Weapons
 g - a +0 club
 i - a +0 short sword
 j - a +0 whip
 k - a +0 dagger
 p - a +1 dagger of protection (weapon)
 v - a +0 club
 w - a +0 long sword
 x - a +0 falchion
 A - a +0 club
Missiles
 d - 14 poisoned needles
 f - 42 stones (quivered)
 y - 50 arrows
Armour
 m - a +0 robe
 z - a cursed +0 pair of boots
Jewellery
 n - a ring of fire (left hand)
Scrolls
 c - a scroll of remove curse
 s - a scroll of amnesia {unknown}
 t - a scroll of teleportation {unknown}
 u - a scroll of random uselessness {unknown}
Potions
 e - a potion of might {unknown}
 q - a potion of lignification {unknown}
 B - a potion of haste {unknown}
Books
 a - a book of Air

   Spells                             Type                      Level
   a - Shock                          Conjuration/Air              1
   b - Swiftness                      Charms/Air                   2
   c - Repel Missiles                 Charms/Air                   2
   d - Static Discharge               Conjuration/Air              3
   e - Lightning Bolt                 Conjuration/Air              5
Comestibles
 b - a bread ration
 l - 2 beef jerkies
 o - 2 meat rations


   Skills:
 + Level 1.2 Fighting
 + Level 1.3 Maces & Flails
 + Level 2.3 Dodging
 + Level 2.1 Stealth
 + Level 0.2 Unarmed Combat
 + Level 2.1 Spellcasting
 + Level 1.2 Conjurations
 + Level 3.5 Air Magic


You had 6 spell levels left.
You knew the following spells:

 Your Spells              Type           Power        Failure   Level  Hunger
a - Shock                 Conj/Air       #...         12%         1    ##.....


Dungeon Overview and Level Annotations

Branches:
Dungeon (4/15)
 Temple: D:4-7

Altars:
Dithmenos

Annotations:
D:2 Robin


Innate Abilities, Weirdness & Mutations

Your plain brown scales are hard. (AC +5)
You cannot fit into any form of body armour.
You are cold-blooded and may be slowed by cold attacks.


Message History

Confirm with . or Enter, or press ? or * to list all spells.
Okay, then.
Welcome back, Asddderdsw the Draconian Air Elementalist.
Press ? for a list of commands and other information.
The orc hits you with a flail.
* * * LOW HITPOINT WARNING * * *
Unknown command.
You see here a potion of degeneration.
You see here a stone.
The ogre hits you with a giant spiked club.
* * * LOW HITPOINT WARNING * * *
There is a stone staircase leading up here.
You climb upwards.
There is a stone staircase leading down here.
The ogre closely misses you.
You climb downwards.
The orc closely misses you.
There is a stone staircase leading up here.
The ogre hits you with a giant spiked club!!
Ouch! That really hurt!
You die...

............###...#
..[.........#...#
...............###
.................#
....%(.....>##...#
. ..(.......##...#
#...$......###...#
...............Oo#
..........#..#..@#
..............(..#
.....####.####.###
....... # #.##
.....## #!.##
.....# ##..# .....#
##.## #..# ######.#


You could see an ogre and an orc.

Vanquished Creatures
  2 adders
  A shadow imp (D:3)
  A worm (D:3)
  An orc (D:3)
  2 ball pythons
  3 giant cockroaches
  6 goblins
  A hobgoblin (D:3)
  3 jackals (D:3)
  A quokka (D:3)
  3 bats (D:1)
  A frilled lizard (D:2)
  9 kobolds
  3 rats
37 creatures vanquished.

Notes
Turn   | Place    | Note
-------+----------+-------------------------------------------
     0 | D:1      | Asddderdsw the Draconian Air Elementalist began the quest for the Orb.
     0 | D:1      | Reached XP level 1. HP: 14/14 MP: 3/3
   311 | D:1      | Reached XP level 2. HP: 9/20 MP: 5/5
   980 | D:2      | Noticed Robin
  1007 | D:2      | Reached XP level 3. HP: 16/27 MP: 4/6
  1210 | D:3      | Reached skill level 1 in Maces & Flails
  1443 | D:3      | Reached skill level 1 in Fighting
  1648 | D:3      | Reached XP level 4. HP: 21/35 MP: 7/7
  1755 | D:4      | Noticed an ogre
  1784 | D:4      | Found a shadowy altar of Dithmenos.
  1798 | D:4      | Upgraded the game from 0.20-a0-433-g9e36e56 to 0.20-a0-435-gf4ea4dd
  1830 | D:4      | Demolished by an ogre

Vault maps used:
D:1:      scummos_arrival_gate, minmay_surrounded
D:2:      minmay_overflow_temple_star_quad, chequers_ecumenical_altar_lobes,
          uniq_robin, uniq_natasha
D:3:      serial_park_tiny_1
D:4:      lemuel_crystal_altar, first_bread,
          nicolae_dithmenos_through_a_glass_darkly

Skill      XL: |  1  2  3 |
---------------+----------+-----
Dodging        | 2 |  2.3
Maces & Flails | 1 |  1.3
Stealth        | 2 |  2.1
Fighting       | 1 |  1.2
Unarmed Combat | |  0.2
Spellcasting   | |  2.1
Conjurations   | |  1.2
Air Magic      | |  3.5

Action                   |  1- 3 |  4- 6 || total
-------------------------+-------+-------++-------
Melee: Unarmed           |    16 |       ||    16
       Whip              |   112 |       ||   112
       Tailslap          |    20 |     1 ||    21
       Dagger            |    65 |     3 ||    68
Throw: Stone             |     1 |     1 ||     2
 Cast: Shock             |    17 |       ||    17
  Use: Potion            |     2 |     1 ||     3
       Scroll            |     3 |       ||     3
 Stab: Distracted        |     1 |       ||     1
       Sleeping          |     3 |       ||     3
  Eat: Chunk             |     3 |       ||     3
Armor: Skin              |    94 |     1 ||    95
Dodge: Dodged            |   155 |    11 ||   166
